 Dungeon Crawl Stone Soup version 0.20-a0-1089-g3fde505 (webtiles) character file.

142192 HAL9000 the Severer (level 17, -2/109 HPs)
             Began as a Gargoyle Berserker on May 3, 2017.
             Was the Champion of Trog.
             Slain by a shambling mangrove (15 damage)
             ... on level 4 of the Swamp.
             The game lasted 00:59:44 (25100 turns).

HAL9000 the Severer (Gargoyle Berserker)           Turns: 25100, Time: 00:59:45

Health: -2/109     AC: 43    Str: 40    XL:     17   Next: 34%
Magic:  23/23      EV:  6    Int: 11    God:    Trog [******]
Gold:   2187       SH: 15    Dex: 17    Spells: 16/16 levels left

rFire    + . .     SeeInvis .   Q - +12 broad axe "Mimnooh" {god gift, chop, Int+2 Stlth+}
rCold    . . .     Gourm    .   F - +2 shield
rNeg     + + .     Faith    .   Z - +5 plate armour of the Pleiades {*Contam +Inv Dex+7 Stlth+}
rPois    ∞         Spirit   .   W - +0 hat
rElec    +         Reflect  .   q - +2 cloak
rCorr    .         Harm     .   U - +2 pair of gloves {Str+3}
MR       +....                  a - +1 pair of boots
Stlth    ..........             O - amulet of Mein {RegenMP rN+ Str+5}
Regen    0.3/turn               d - +6 ring of strength
MPRegen  0.3/turn               h - ring of protection from fire

@: grasped by roots, very slightly contaminated, slowed, very slow
A: big wings, negative energy resistance 1, electricity resistance, unbreathing,
petrification resistance, rot immunity, AC +12
a: Fly, Berserk, Trog's Hand, Brothers in Arms, Burn Spellbooks, Renounce
Religion, Evoke Invisibility


You were on level 4 of the Swamp.
You worshipped Trog.
Trog was exalted by your worship.
You were very hungry.

You visited 3 branches of the dungeon, and saw 25 of its levels.
You also visited: Ossuary.

You collected 2187 gold pieces.

Inventory:

Hand Weapons
 f - a +2 antimagic executioner's axe {god gift}
 k - a +4 antimagic broad axe {god gift}
 Q - the +12 broad axe "Mimnooh" (weapon) {god gift, chop, Int+2 Stlth+}
   (Trog gifted it to you on level 1 of the Swamp)

   It inflicts extra damage upon your enemies.
   It affects your intelligence (+2).
   It makes you more stealthy.
 X - a +5 battleaxe of flaming {god gift}
Missiles
 b - 14 tomahawks
 m - 8 steel tomahawks
 t - 4 throwing nets
 u - 3 javelins (quivered)
 P - 2 tomahawks of returning
 R - 2 poisoned javelins {god gift}
Armour
 a - a +1 pair of boots (worn)
 q - a +2 cloak (worn)
 F - a +2 shield (worn)
 U - a +2 pair of gloves of strength (worn)
 W - a +0 hat (worn)
 Z - the +5 plate armour of the Pleiades (worn) {*Contam +Inv Dex+7 Stlth+}
   (You found it on level 1 of the Lair of Beasts)

   It affects your dexterity (+7).
   It lets you turn invisible.
   It causes magical contamination when unequipped.
   It makes you more stealthy.
Jewellery
 d - a +6 ring of strength (left hand)
 h - a ring of protection from fire (right hand)
 E - an uncursed ring of positive energy
 J - an uncursed amulet of regeneration
 O - the amulet of Mein (around neck) {RegenMP rN+ Str+5}
   (You found it on level 4 of the Swamp)

   [amulet of magic regeneration]

   It increases your magic regeneration.
   It affects your strength (+5).
   It protects you from negative energy.
Wands
 e - a wand of iceblast (2/15)
 o - a wand of clouds (4/9)
 z - a wand of polymorph (23/24)
Scrolls
 i - 2 scrolls of blinking
 j - 11 scrolls of remove curse
 p - 16 scrolls of teleportation
 r - a scroll of brand weapon
 w - 2 scrolls of fear
 y - a scroll of summoning
 A - 4 scrolls of magic mapping
 B - a scroll of recharging
 H - 3 scrolls of fog
 K - 2 scrolls of enchant armour
 L - 3 scrolls of identify
 S - a scroll of silence
Potions
 g - 7 potions of brilliance
 n - a potion of magic
 s - 4 potions of berserk rage
 x - 6 potions of might
 C - 11 potions of haste
 D - 15 potions of curing
 I - 4 potions of heal wounds
 N - 2 potions of invisibility
 T - 2 potions of cancellation
 V - 6 potions of agility
Books
 Y - a book of Changes

   Spells                             Type                      Level
   a - Beastly Appendage              Transmutation                1
   b - Sticks to Snakes               Transmutation                2
   c - Spider Form                    Transmutation/Poison         3
   d - Ice Form                       Ice/Transmutation            4
   e - Blade Hands                    Transmutation                5
   Trog disapproves of the use of such an item.
Miscellaneous
 v - a phantom mirror
Comestibles
 c - 18 bread rations
 l - 12 meat rations
 M - 25 royal jellies


   Skills:
 + Level 13.4 Fighting
 + Level 19.4 Axes
 - Level 4.5 Throwing
 + Level 13.2 Armour
 - Level 1.5 Dodging
 - Level 7.0 Shields
 + Level 9.0 Evocations


You had 16 spell levels left.
You didn't know any spells.

Dungeon Overview and Level Annotations

Branches:
Dungeon (15/15)            Temple (0/1) D:5            Lair (6/6) D:10
  Swamp (4/4) Lair:3        Snake (0/4) Lair:4        Slime (0/5) Lair:6
    Orc (0/2) D:11         Vaults (0/5) D:13         Depths (0/5) D:15

Altars:
Ashenzari
Cheibriados
Dithmenos
Elyvilon
Fedhas
Gozag
Makhleb
Nemelex Xobeh
Sif Muna
Trog
Uskayaw
Vehumet
Xom
Yredelemnul
Zin
Jiyva

Shops:
D:9 }   D:11 %

Annotations:
Lair:5 exclusion: oklob plant
Swamp:4 Nikola


Innate Abilities, Weirdness & Mutations

You are resistant to torment.
Your stone body is resilient. (AC +12)
You are immune to poison.
Your large and strong wings let you fly indefinitely.
You resist negative energy. (rN+)
You are resistant to electric shocks. (rElec)
You can survive without breathing.
You are immune to petrification.
You are immune to rotting.


Message History

The shambling mangrove barely misses you.
The spriggan rider hits you but does no damage.
The shambling mangrove hits you but does no damage.
The spriggan rider hits you but does no damage.
You continue putting on your +2 shield.
Roots rise up from beneath you and drag you back to the ground.
The spriggan rider hits you but does no damage.
The shambling mangrove hits you!
* * * LOW HITPOINT WARNING * * *
You finish putting on your +2 shield.
You slash the shambling mangrove!
The shambling mangrove is moderately damaged.
You block the spriggan rider's attack.
You block the shambling mangrove's attack.
You slice the shambling mangrove!!
The shambling mangrove is heavily damaged.
The spriggan rider hits you from afar with a spear.
* * * LOW HITPOINT WARNING * * *
The shambling mangrove hits you!
You die...

≈≈...≈≈...≈≈≈♣♣ ♣
§≈≈≈.≈≈≈≈≈≈≈≈≈♣
.......≈≈≈≈..♣♣
≈≈≈≈≈≈.≈≈≈≈§≈♣
≈.≈≈≈§.≈≈≈≈≈≈♣♣
♣.≈≈≈≈.≈≈≈≈≈≈.♣
♣.≈≈≈..≈≈≈≈.♣♣
♣.§≈...≈≈≈.♣♣ ♣♣♣
♣.≈≈≈.@?≈≈♣♣ .≈≈♣
.≈≈≈...f≈..♣♣ .≈≈♣
♣♣≈..≈≈♣♣i.≈♣♣♣♣♣♣...
♣ ♣≈≈≈≈..≈≈≈≈.♣.≈≈≈♣
♣♣
≈.♣≈≈≈..≈≈≈≈.♣.≈≈.♣
♣≈ .
♣≈..(..≈≈≈.≈.≈≈♣♣ ♣♣
♣♣≈.≈≈≈..≈.≈♣≈.≈♣♣
♣♣≈
♣.≈≈≈≈≈.≈≈.≈≈≈≈≈♣♣♣≈.
..≈≈≈≈≈.≈≈.≈≈≈≈♣♣♣..♣


You could see a shambling mangrove and a spriggan rider.

Vanquished Creatures
  the Lernaean hydra (Swamp:4)
  Rupert (D:14)
  Frances (D:13)
  2 thorn hunters
  A dire elephant (D:15)
  20 hydras
  8 vault guards (D:13)
  The ghost of Dominolapin the Frost Mage, a journeyman BaIE of Sif Muna (Lair:1)
  A rakshasa (D:14)
  2 ogre magi (D:15)
  4 ghost crabs
  11 two-headed ogres
  8 alligators
  2 tengu warriors (D:13)
  8 centaur warriors
  2 unseen horrors (D:11)
  A shambling mangrove (Swamp:1)
  10 swamp dragons
  Pikel (D:7)
  6 cyclopes
  6 oklob plants
  7 ugly things
  13 slime creatures
  A mana viper (shapeshifter) (D:14)
  2 manticores
  8 elephants (Lair:4)
  Joseph (D:7)
  20 spiny frogs
  7 black mambas
  2 torpor snails (Lair:2)
  A rime drake (shapeshifter) (D:15)
  A gargoyle (D:11)
  3 rime drakes
  A freezing wraith (D:13)
  11 komodo dragons
  6 meliai
  2 queen bees
  9 hornets
  A tengu conjurer (D:13)
  6 trolls
  4 polar bears (Lair:6)
  7 tyrant leeches
  A raiju (shapeshifter) (D:15)
  9 hippogriffs
  7 bog bodies
  7 blink frogs
  8 dream sheep
  A meliai zombie (D:13)
  4 shadows
  51 yaks
  17 spriggans
  2 wraiths
  3 wyverns
  A vampire (D:14)
  2 steam dragons
  18 vampire mosquitoes
  A golden eye (shapeshifter) (D:13)
  A hungry ghost (D:15)
  9 basilisks
  Menkaure (D:7)
  21 swamp worms
  Edmund (D:4)
  10 insubstantial wisps
  20 water moccasins
  3 acid dragons (D:11)
  3 nagas (Lair:4)
  10 porcupines
  10 swamp drakes
  4 sky beasts
  A slave (D:7)
  2 necrophages
  6 orc warriors
  6 black bears
  4 boggarts (Lair:6)
  4 eyes of draining
  14 centaurs
  3 ice beasts
  12 ogres
  21 wolves
  14 crocodiles
  3 big kobolds
  Blork the orc (D:4)
  17 bullfrogs
  2 wyvern zombies
  4 scorpions
  A wyvern skeleton (D:14)
  66 killer bees
  A howler monkey (D:4)
  9 wights
  An electric eel (Lair:3)
  2 bullfrog zombies (D:5)
  4 centaur zombies
  7 crimson imps
  A quasit (D:7)
  5 hounds
  2 jellies
  4 orc priests
  Crazy Yiuf (D:3)
  13 orc wizards
  5 centaur skeletons
  Jessica (D:3)
  A bullfrog skeleton (D:13)
  6 iguanas
  Ijyb (D:5)
  9 worker ants
  A statue (D:9)
  A big kobold zombie (Ossuary)
  A hound zombie (D:4)
  Robin (D:4)
  8 mummies (Ossuary)
  2 hound skeletons
  3 worker ant zombies
  11 adders
  4 gnolls (D:3)
  A river rat (Lair:2)
  7 shadow imps
  An adder zombie (D:4)
  An adder skeleton (D:4)
  6 worms
  A dart slug (D:5)
  10 leopard geckos
  62 orcs
  2 ball pythons
  9 bats
  4 giant cockroaches
  16 goblins
  12 hobgoblins
  21 kobolds
  A quokka (D:11)
  2 frilled lizards
  3 hobgoblin zombies (Ossuary)
  2 kobold zombies (Ossuary)
  A leopard gecko zombie (D:6)
  2 orc zombies (Ossuary)
  A quokka skeleton (D:5)
  2 quokka zombies
  8 rats
  7 briar patches (Swamp:4)
  5 fungi
  3 plants
911 creatures vanquished.

Vanquished Creatures (collateral kills)
  The ghost of Dominolapin the Gelid, a journeyman BaIE of Sif Muna (D:12)
  A swamp dragon (Swamp:4)
  A centaur (D:12)
3 creatures vanquished.

Vanquished Creatures (others)
  A hydra (Swamp:3)
  An insubstantial wisp (Swamp:4)
  4 fungi
  13 plants
19 creatures vanquished.

Grand Total: 933 creatures vanquished

Notes
Turn   | Place    | Note
-------+----------+-------------------------------------------
     0 | D:1      | HAL9000 the Gargoyle Berserker began the quest for the Orb.
     0 | D:1      | Reached XP level 1. HP: 14/14 MP: 1/1
    32 | D:1      | Reached skill level 3 in Axes
   134 | D:1      | Reached XP level 2. HP: 18/19 MP: 2/2
   550 | D:1      | Reached XP level 3. HP: 19/23 MP: 3/3
   649 | D:2      | Noticed a hand axe
   650 | D:2      | Noticed a hand axe
   651 | D:2      | Found a hide-covered altar of Uskayaw.
   901 | D:2      | Reached skill level 4 in Axes
   969 | D:2      | Reached ** piety under Trog
  1000 | D:2      | Found a shadowy altar of Dithmenos.
  1163 | D:2      | Reached XP level 4. HP: 28/28 MP: 4/4
  1341 | D:2      | Found a deep blue altar of Sif Muna.
  1654 | D:3      | Found a faded altar of an unknown god.
  1795 | D:3      | Found a shattered altar of Ashenzari.
  1865 | D:3      | Noticed Jessica
  1876 | D:3      | Reached skill level 5 in Axes
  1890 | D:3      | Killed Jessica
  1890 | D:3      | Reached XP level 5. HP: 32/32 MP: 5/5
  2086 | D:3      | Found a blossoming altar of Fedhas.
  2142 | D:3      | Noticed a moth of wrath
  2145 | D:3      | Found a bloodstained altar of Trog.
  2400 | D:3      | Found an opulent altar of Gozag.
  2400 | D:3      | Found a sparkling altar of Nemelex Xobeh.
  2520 | D:3      | Found a runed door.
  2524 | D:3      | Noticed Crazy Yiuf
  2527 | D:3      | Reached skill level 6 in Axes
  2527 | D:3      | Reached XP level 6. HP: 37/37 MP: 6/6
  2528 | D:3      | Killed Crazy Yiuf
  2626 | D:3      | Reached *** piety under Trog
  2677 | D:3      | Reached skill level 7 in Axes
  2677 | D:3      | Reached XP level 7. HP: 9/41 MP: 7/7
  2988 | D:4      | Noticed Robin
  3006 | D:4      | Killed Robin
  3368 | D:4      | Noticed Edmund
  3376 | D:4      | Killed Edmund
  3376 | D:4      | Reached skill level 8 in Axes
  3562 | D:4      | Got a heavily runed chain mail
  3577 | D:4      | Identified the +5 chain mail of Axtom {rPois MR+ Str+8 Int-3} (You found it on level 4 of the Dungeon)
  3709 | D:4      | Reached XP level 8. HP: 45/46 MP: 8/8
  3794 | D:4      | Noticed Blork the orc
  3801 | D:4      | Killed Blork the orc
  3942 | D:5      | Entered Level 5 of the Dungeon
  4004 | D:5      | Reached **** piety under Trog
  4037 | D:5      | Reached skill level 9 in Axes
  4392 | D:5      | Noticed Ijyb
  4401 | D:5      | Killed Ijyb
  4401 | D:5      | Reached skill level 10 in Axes
  4534 | D:5      | Found a staircase to the Ecumenical Temple.
  5057 | D:6      | Reached XP level 9. HP: 38/51 MP: 9/9
  5332 | D:6      | Found a sand-covered staircase.
  5349 | Ossuary  | Entered an ossuary
  5390 | Ossuary  | Reached ***** piety under Trog
  5714 | D:6      | Reached skill level 11 in Axes
  5955 | D:6      | Found a shimmering altar of Xom.
  6118 | D:7      | Noticed Joseph
  6129 | D:7      | Killed Joseph
  6129 | D:7      | Reached skill level 12 in Axes
  6232 | D:7      | Noticed Menkaure
  6246 | D:7      | Killed Menkaure
  6416 | D:7      | Noticed Pikel
  6432 | D:7      | Received a gift from Trog
  6432 | D:7      | Reached XP level 10. HP: 39/56 MP: 10/10
  6447 | D:7      | Killed Pikel
  6600 | D:8      | Reached skill level 13 in Axes
  6952 | D:8      | Noticed a two-headed ogre
  6969 | D:8      | Killed a two-headed ogre
  7481 | D:9      | Found a radiant altar of Vehumet.
  7776 | D:9      | Found a white marble altar of Elyvilon.
  7822 | D:9      | Found Bopsiq Weep's Gadget Shoppe.
  8140 | D:9      | Found a basalt altar of Yredelemnul.
  8241 | D:10     | Entered Level 10 of the Dungeon
  8263 | D:10     | Reached skill level 5 in Fighting
  8458 | D:10     | Reached XP level 11. HP: 60/64 MP: 11/11
  8549 | D:10     | Found a staircase to the Lair.
  8604 | D:10     | Reached skill level 14 in Axes
  8814 | D:10     | Reached skill level 5 in Armour
  9184 | Lair:1   | Entered Level 1 of the Lair of Beasts
  9291 | Lair:1   | Noticed Dominolapin's ghost (journeyman BaIE)
  9299 | Lair:1   | Killed Dominolapin's ghost
  9749 | Lair:1   | Got an ichor-stained plate armour
  9781 | Lair:1   | Identified the +5 plate armour of the Pleiades {*Contam +Inv Dex+7 Stlth+} (You found it on level 1 of the Lair of Beasts)
 10349 | Lair:1   | Received a gift from Trog
 10377 | Lair:2   | Reached XP level 12. HP: 70/72 MP: 12/12
 10396 | Lair:2   | Noticed a six-headed hydra
 10410 | Lair:2   | Killed a 13-headed hydra
 10410 | Lair:2   | Reached skill level 15 in Axes
 11651 | Lair:2   | Found a snail-covered altar of Cheibriados.
 11922 | Lair:2   | Reached skill level 1 in Evocations
 12248 | Lair:3   | Reached skill level 16 in Axes
 12248 | Lair:3   | Reached XP level 13. HP: 63/80 MP: 14/14
 12327 | Lair:3   | Found a burning altar of Makhleb.
 12335 | Lair:3   | Received a gift from Trog
 12533 | Lair:3   | Found a staircase to the Swamp.
 12940 | Lair:4   | Found a staircase to the Snake Pit.
 13858 | Lair:5   | HP: 2/82 [18-headed hydra (8)]
 14515 | Lair:5   | Reached skill level 10 in Fighting
 14960 | Lair:6   | Entered Level 6 of the Lair of Beasts
 15016 | Lair:6   | Reached skill level 10 in Armour
 15163 | Lair:6   | Received a gift from Trog
 15182 | Lair:6   | Reached skill level 5 in Evocations
 15247 | Lair:6   | Gained mutation: Your large and strong wings let you fly indefinitely. [Gargoyle growth]
 15247 | Lair:6   | Reached XP level 14. HP: 82/88 MP: 5/17
 15326 | Lair:6   | Found a staircase to the Slime Pits.
 15326 | Lair:6   | Found a viscous altar of Jiyva.
 15492 | Lair:6   | Reached skill level 17 in Axes
 16732 | D:11     | Found Tyudud's Food Shop.
 16937 | D:11     | Reached ****** piety under Trog
 16979 | D:11     | Reached skill level 1 in Throwing
 16979 | D:11     | Received a gift from Trog
 17243 | D:11     | Found a staircase to the Orcish Mines.
 18282 | D:12     | Noticed Dominolapin's ghost (journeyman BaIE)
 18501 | D:12     | Killed Dominolapin's ghost
 18832 | D:12     | Reached XP level 15. HP: 96/96 MP: 6/20
 19201 | D:13     | Received a gift from Trog
 19434 | D:13     | Found a gate to the Vaults.
 19443 | D:13     | Noticed Frances
 19452 | D:13     | Killed Frances
 20083 | D:14     | Noticed Rupert
 20096 | D:14     | Killed Rupert
 20096 | D:14     | Reached skill level 18 in Axes
 20438 | D:14     | Received a gift from Trog
 20562 | D:14     | Received a gift from Trog
 20647 | D:15     | Entered Level 15 of the Dungeon
 20741 | D:15     | Reached skill level 1 in Shields
 21065 | D:15     | Reached skill level 5 in Shields
 21086 | D:15     | Reached XP level 16. HP: 101/102 MP: 7/21
 21243 | D:15     | Found a staircase to the Depths.
 22057 | Swamp:1  | Entered Level 1 of the Swamp
 22284 | Swamp:1  | Received a gift from Trog
 22292 | Swamp:1  | Got a brightly glowing broad axe {god gift}
 22302 | Swamp:1  | Identified the +12 broad axe "Mimnooh" {god gift, chop, Int+2 Stlth+} (Trog gifted it to you on level 1 of the Swamp)
 23046 | Swamp:2  | Found a glowing silver altar of Zin.
 23054 | Swamp:2  | Reached skill level 19 in Axes
 23199 | Swamp:2  | Identified a scroll of acquirement
 23562 | Swamp:3  | Noticed a thorn hunter
 23576 | Swamp:3  | Killed a thorn hunter
 24146 | Swamp:4  | Entered Level 4 of the Swamp
 24241 | Swamp:4  | Reached XP level 17. HP: 90/108 MP: 23/23
 24284 | Swamp:4  | Got a scorched steel amulet
 24286 | Swamp:4  | Identified the amulet of Mein {RegenMP rN+ Str+5} (You found it on level 4 of the Swamp)
 24636 | Swamp:4  | Noticed Nikola
 25060 | Swamp:4  | Noticed the 27-headed Lernaean hydra
 25069 | Swamp:4  | Killed the 24-headed Lernaean hydra
 25070 | Swamp:4  | Received a gift from Trog
 25100 | Swamp:4  | Slain by a shambling mangrove

Vault maps used:
D:1:      saegor_arrival_simple_f, minmay_split_cup_small
D:2:      lemuel_blue_sif_altar, nicolae_dithmenos_shadow_blocks,
          dancing_weapons_uskayaw
D:3:      cheibrodos_old_hovel, grunt_temple_overflow_opulence,
          old_standard_altar, marbit_many_paths, tgw_trog,
          chequers_ecumenical_altar_simple_redux, uniq_jessica,
          uniq_crazy_yiuf_cottage
D:4:      first_bread, serial_undead, serial_undead_b, serial_undead_a,
          serial_undead_f, serial_undead_f, uniq_blork_the_orc, uniq_robin,
          uniq_edmund
D:5:      minmay_temple_entry_nine_rooms, uniq_ijyb
D:6:      kennysheep_little_box, nicolae_ossuary_entry_monument
D:7:      grunt_ogre_cave, uniq_pikel, uniq_menkaure, uniq_joseph
D:9:      kennysheep_ying_yang, vehumet_statue, serial_shops,
          kennysheep_mini_moat
D:10:     david_lair_shrubbed
D:11:     minmay_diamond_stairs, hiddenorc1_lemuel, serial_shops,
          nicolae_shop_behind_doors
D:13:     erik_vaults_2, kennysheep_opposing_triangles, uniq_frances
D:14:     uniq_rupert
D:15:     hangedman_depths_entry_try_elsewhere_first
Lair:1:   serial_bayou_pond_b
Lair:2:   regret_index_tunnel_blossom, st_stairs_8, kennysheep_snail_temple
Lair:3:   nicolae_swamp_entry_splash_gauntlet, basic_altar
Lair:4:   minmay_snake_entry_guardpost_medium
Lair:5:   special_room
Lair:6:   minmay_lair_end_enchanted_forest, slime_altar_1,
          minmay_lair_oklob_chamber, grunt_megastairs_1
Swamp:1:  evilmike_swamp_ruin_rubble_1
Swamp:2:  basic_altar
Swamp:3:  nicolae_swamp_triple_paths
Swamp:4:  swamp_old_school, swamp_pool5, uniq_nikola
Ossuary:  ossuary_tomb_3

Skill      XL: |  1  2  3  4  5  6  7  8  9 10 11 12 13 14 15 16 17 |
---------------+----------------------------------------------------+-----
Axes           | 3 4 5 6 7 8 10 12 13 14 16 17 18 19 | 19.4
Fighting       | 5 7 9 10 11 12 13 | 13.4
Armour         | 4 7 8 10 11 12 13 | 13.2
Evocations     | 2 5 6 7 8 9 |  9.0
Throwing       | 2 4 |  4.5
Shields        | 5 7 |  7.0
Dodging        | |  1.5

Action                   |  1- 3 |  4- 6 |  7- 9 | 10-12 | 13-15 | 16-18 || total
-------------------------+-------+-------+-------+-------+-------+-------++-------
Melee: Hand axe          |    78 |       |       |       |       |       ||    78
       War axe           |    37 |   152 |   351 |       |       |       ||   540
       Broad axe         |       |       |     7 |   733 |   561 |   354 ||  1655
       Executioner's axe |       |       |       |       |   751 |   119 ||   870
       Battleaxe         |       |       |       |       |       |    20 ||    20
Throw: Javelin           |       |       |       |     2 |    16 |     5 ||    23
Invok: Berserk           |       |     4 |     5 |     9 |    11 |     3 ||    32
       Trog's Hand       |       |       |     1 |     7 |     2 |       ||    10
       Brothers in Arms  |       |       |       |       |     1 |     1 ||     2
 Abil: Fly               |       |       |       |       |     1 |       ||     1
Evoke: Wand              |       |       |       |     1 |     8 |       ||     9
  Use: Scroll            |       |       |     9 |     9 |     8 |    15 ||    41
 Stab: Sleeping          |     2 |       |       |       |       |       ||     2
  Eat: Chunk             |     1 |     8 |    23 |    26 |    34 |    13 ||   105
       Royal jelly       |       |       |     1 |     1 |     3 |     1 ||     6
       Fruit             |       |       |       |     1 |     3 |       ||     4
Armor: Animal skin       |    57 |    13 |       |       |       |       ||    70
       Leather armour    |       |    30 |    40 |       |       |       ||    70
       Chain mail        |       |       |   187 |   272 |       |       ||   459
       Plate armour      |       |       |       |   314 |  1488 |   603 ||  2405
Dodge: Dodged            |   106 |    95 |   213 |   350 |   690 |   219 ||  1673
Block: Shield            |       |       |       |       |    54 |   278 ||   332
